 Dungeon Crawl Stone Soup version 0.18-a0-1639-g7533f42 (webtiles) character file.

2312 namelastname112 the Martial Artist (level 9, 0/70 HPs)
             Began as a Grey Draconian Monk on Mar 27, 2016.
             Was an Initiate of Ru.
             Slain by a killer bee (8 damage)
             ... on level 6 of the Dungeon.
             The game lasted 00:07:11 (4969 turns).

namelastname112 the Martial Artist (DrMo)           Turns: 4969, Time: 00:07:12

Health: 0/70       AC: 12    Str: 16 (18) XL:     9   Next: 18%
Magic:  9/9        EV: 13    Int: 10 (12) God:    Ru [......]
Gold:   233        SH:  0    Dex: 14 (16) Spells: 0 memorised, 8 levels left

rFire  . . .     SeeInvis .       - Unarmed
rCold  . . .     Gourm    .     (armour unavailable)
rNeg   . . .     Faith    +     (no shield)
rPois  .         Spirit   .     (helmet restricted)
rElec  .         Dismiss  .     (no cloak)
rCorr  .         Reflect  .     (no gloves)
SustAt .         Harm     .     (no boots)
MR     .....                    w - amulet of faith
Stlth  ++........               (no ring)
                                (no ring)

@: mighty, lethally poisoned (0 -> -6), not resistant to hostile enchantments,
unstealthy
A: walk through water, unfitting armour, unbreathing, cold-blooded, AC +12
a: Renounce Religion


You were on level 6 of the Dungeon.
You worshipped Ru.
Ru was noncommittal.
You were very hungry.

You visited 2 branches of the dungeon, and saw 7 of its levels.
You also visited: Ossuary.

You collected 233 gold pieces.

Inventory:

Hand Weapons
 y - the +7 long sword of the Purple Skies {drain, Int+7}
   (You found it on level 4 of the Dungeon)

   A truly terrible weapon, it drains the life of those it strikes.
   It affects your intelligence (+7).
Jewellery
 w - an amulet of faith (around neck)
Wands
 u - a wand of lightning (10/15)
Scrolls
 c - 2 scrolls of enchant weapon {unknown}
 h - 9 scrolls of identify {unknown}
 i - 2 scrolls of amnesia {unknown}
 j - 2 scrolls of blinking {unknown}
 k - 2 scrolls of immolation {unknown}
 n - 2 scrolls of magic mapping {unknown}
 o - a scroll of noise {unknown}
 p - a scroll of random uselessness {unknown}
 q - a scroll of fear {unknown}
 r - 2 scrolls of fog {unknown}
 s - 2 scrolls of teleportation {unknown}
 F - 2 scrolls of remove curse {unknown}
 H - a scroll of recharging {unknown}
Potions
 b - 2 potions of might
 d - a potion of haste {unknown}
 e - 2 potions of degeneration
 g - 6 potions of flight {unknown}
 l - a potion of magic {unknown}
 m - 4 potions of curing {unknown}
 v - a potion of beneficial mutation {unknown}
 z - a potion of resistance {unknown}
 A - 2 potions of heal wounds {unknown}
 B - 2 potions of brilliance {unknown}
 C - 2 potions of ambrosia {unknown}
 D - a potion of cure mutation {unknown}
 E - a potion of agility {unknown}
 G - a potion of invisibility {unknown}
 I - 2 potions of berserk rage {unknown}
Books
 t - a book of Frost

   Spells                             Type                      Level
   a - Freeze                         Ice                          1
   b - Throw Frost                    Conjuration/Ice              2
   c - Ozocubu's Armour               Charms/Ice                   3
   d - Throw Icicle                   Conjuration/Ice              4
   e - Summon Ice Beast               Ice/Summoning                4
Comestibles
 a - 5 bread rations
 f - a beef jerky
 x - 3 meat rations


   Skills:
 - Level 3.2 Fighting
 - Level 2.6 Dodging
 - Level 1.7 Stealth
 + Level 12.6 Unarmed Combat


You had 8 spell levels left.
You didn't know any spells.

Dungeon Overview and Level Annotations

Branches:
Dungeon (6/15)             Temple (1/1) D:5

Altars:
Ashenzari
Cheibriados
Dithmenos
Fedhas
Gozag
Kikubaaqudgha
Nemelex Xobeh
Okawaru
Pakellas
Ru
Sif Muna
Trog
Vehumet
Xom
Yredelemnul
Zin
The Shining One

Shops:
D:6 }


Innate Abilities, Weirdness & Mutations

You can walk through water.
Your dull iron-grey scales are very hard (AC +12).
Your body does not fit into most forms of armour.
You can survive without breathing.
You are cold-blooded and may be slowed by cold attacks.


Message History

You feel very mighty all of a sudden.
You feel sick. The killer bee barely misses you.
The killer bee closely misses you.
You barely miss the killer bee.
Your tail-slap misses the killer bee.
You punch the killer bee.
You kill the killer bee!
You feel sick. The killer bee barely misses you.
You punch the killer bee!
The killer bee is almost dead.
You feel sick. The killer bee misses you.
You pummel the killer bee!!
You kill the killer bee!
The killer bee stings you.
* * * LOW HITPOINT WARNING * * *
Drink which item? (? for menu, Esc to quit)
It was a potion of degeneration.
There was something very wrong with that liquid.
You feel weakened.
You feel dopey.
You feel clumsy.
You feel sick. The killer bee stings you!
You die...

#.8.∩.8 #.....)
#.###....# #......
[.......8# #......
#.###....#########......
#.......................
........................
#.#.###y##..)........###
#....##y##.#.#.###'###
###..##@##†#.#.# #.# #.
#..##.##.#.#.# #.# #.
#..##.##.#.#.# #.# # #.
#..#.......#.# #.# #.#.
#.....##.###.# #.#
#.#.###.....##.# #.# #.#
#.......###.##.# #.# #.#
###.....#)#....###.###
#..####+####.......#


You could see 2 killer bees.

Vanquished Creatures
  Eustachio (D:6)
  Edmund (D:4)
  A water moccasin (D:5)
  3 ogres
  A phantom (D:4)
  2 giant frogs (D:6)
  A wyvern zombie (Ossuary)
  4 killer bees (D:6)
  3 bog bodies (Ossuary)
  3 giant frog zombies (Ossuary)
  3 crimson imps (D:5)
  2 orc priests (D:5)
  3 centaur zombies (Ossuary)
  4 orc wizards (D:5)
  3 worker ants
  A hound zombie (Ossuary)
  13 mummies (Ossuary)
  A howler monkey zombie (D:5)
  2 worker ant zombies (Ossuary)
  4 adders
  2 oozes (D:2)
  An adder zombie (Ossuary)
  2 dart slugs
  4 giant geckos
  4 orcs (D:5)
  3 ball pythons
  9 giant cockroaches
  3 goblins
  4 hobgoblins
  10 jackals
  4 quokkas
  4 bats
  2 giant cockroach zombies (Ossuary)
  2 giant gecko zombies (Ossuary)
  3 jackal zombies
  5 kobolds
  2 quokka zombies (Ossuary)
  4 rats
124 creatures vanquished.

Vanquished Creatures (others)
  2 giant frogs (D:4)
  A worker ant (D:4)
  A dart slug (D:4)
  2 withered plants (Ossuary)
6 creatures vanquished.

Grand Total: 130 creatures vanquished

Notes
Turn   | Place    | Note
--------------------------------------------------------------
     0 | D:1      | namelastname112 the Draconian Monk began the quest for the Orb.
     0 | D:1      | Reached XP level 1. HP: 19/19 MP: 1/1
   279 | D:1      | Reached XP level 2. HP: 26/26 MP: 2/2
   675 | D:2      | Reached skill level 5 in Unarmed Combat
   675 | D:2      | Reached XP level 3. HP: 28/31 MP: 3/3
   990 | D:2      | crauler: сделаю ка осьминожку дитменоса
  1053 | D:2      | namelastname112: сделай чеи
  1064 | D:2      | crauler: они не могут ударить то что не знают
  1264 | D:3      | crauler: *то о чем не знают
  1388 | D:3      | Found an oddly glowing altar of Pakellas.
  1433 | D:3      | crauler: зачем мне чеи, я колец могу наодевать
  1612 | D:3      | Found a snail-covered altar of Cheibriados.
  1614 | D:3      | Found a glowing silver altar of Zin.
  1903 | D:4      | Killed a giant frog
  1907 | D:4      | Killed a giant frog
  1912 | D:4      | Noticed an ogre
  1926 | D:4      | Killed an ogre
  1926 | D:4      | Reached skill level 6 in Unarmed Combat
  1926 | D:4      | Reached XP level 4. HP: 31/38 MP: 4/4
  1926 | D:4      | Reached XP level 5. HP: 36/45 MP: 5/5
  1961 | D:4      | Found a shimmering altar of Xom.
  1961 | D:4      | Noticed an ogre
  1961 | D:4      | Noticed a phantom
  2027 | D:4      | Killed an ogre
  2027 | D:4      | Reached skill level 7 in Unarmed Combat
  2115 | D:4      | Killed a phantom
  2115 | D:4      | Reached XP level 6. HP: 24/51 MP: 6/6
  2400 | D:4      | Noticed Edmund
  2440 | D:4      | Killed Edmund
  2440 | D:4      | Reached skill level 8 in Unarmed Combat
  2712 | D:4      | Found a basalt altar of Yredelemnul.
  2753 | D:4      | Found an iron altar of Okawaru.
  2783 | D:4      | Got a smoking long sword
  2784 | D:4      | Identified the +7 long sword of the Purple Skies {drain, Int+7} (You found it on level 4 of the Dungeon)
  3013 | D:5      | Entered Level 5 of the Dungeon
  3022 | D:5      | Your scales start taking on a dull iron-grey colour.
  3022 | D:5      | Reached XP level 7. HP: 57/57 MP: 7/7
  3022 | D:5      | Gained mutation: You can survive without breathing. [Grey Draconian growth]
  3044 | D:5      | Found a blossoming altar of Fedhas.
  3056 | D:5      | Reached skill level 9 in Unarmed Combat
  3165 | D:5      | Found an opulent altar of Gozag.
  3173 | D:5      | Found a sand-covered staircase.
  3182 | Ossuary  | Entered an ossuary
  3428 | Ossuary  | Reached skill level 10 in Unarmed Combat
  3439 | Ossuary  | Reached XP level 8. HP: 63/63 MP: 8/8
  3742 | Ossuary  | Reached skill level 11 in Unarmed Combat
  4067 | D:5      | Found a staircase to the Ecumenical Temple.
  4078 | Temple   | Entered the Ecumenical Temple
  4103 | Temple   | Became a worshipper of Ru the Awakened
  4348 | D:5      | Reached skill level 12 in Unarmed Combat
  4735 | D:6      | Noticed Eustachio
  4744 | D:6      | Killed Eustachio
  4744 | D:6      | Reached XP level 9. HP: 70/70 MP: 9/9
  4933 | D:6      | Found Leistyts's Gadget Shoppe.
  4969 | D:6      | Slain by a killer bee

Vault maps used:
D:1:      dpeg_arrival_houses_and_road
D:3:      minitemple, first_bread, grunt_pakellas_salt
D:4:      kennysheep_mini_moat, yredelemnul_altar_generic, xom_confusion_cloud,
          uniq_edmund
D:5:      lemuel_crystal_altar, nicolae_overflow_crystal_walls,
          minmay_temple_entry_butterflies, portal_sewer_entry_f,
          chequers_ossuary_entry_cave, feat_on_display
D:6:      grunt_qazlal_clouds, serial_shops, nicolae_shop_statue_plus,
          grunt_tough_drop, uniq_eustachio
Temple:   triangle_lava_temple_11
Ossuary:  ossuary_zaba_flooded

Skill      XL: |  1  2  3  4  5  6  7  8 |
---------------+-------------------------+-----
Unarmed Combat | 5 6 7 8 10 12 | 12.6
Fighting       | |  3.2
Dodging        | |  2.6
Stealth        | |  1.7

Action                   |  1- 3 |  4- 6 |  7- 9 || total
-------------------------+-------+-------+-------++-------
Melee: Unarmed           |    90 |   114 |   323 ||   527
Invok: Reject Sacrifices |       |       |     1 ||     1
  Use: Potion            |       |       |     2 ||     2
 Stab: Sleeping          |     5 |       |       ||     5
  Eat: Chunk             |     3 |     3 |     4 ||    10
       Royal jelly       |       |       |     1 ||     1
